 Dungeon Crawl Stone Soup version 0.19.5 (webtiles) character file.

2394 Retsved the Skirmisher (level 9, -8/88 HPs)
             Began as a Troll Fighter on Mar 15, 2017.
             Was an Initiate of Okawaru.
             Mangled by a sixfirhy (12 damage)
             ... on level 7 of the Dungeon.
             The game lasted 00:32:34 (5609 turns).

Retsved the Skirmisher (Troll Fighter)              Turns: 5609, Time: 00:32:35

Health: -8/88      AC:  7    Str: 28    XL:     9   Next: 22%
Magic:  8/8        EV: 10    Int:  4    God:    Okawaru [......]
Gold:   11         SH: 12    Dex: 10    Spells: 1 memorised, 5 levels left

rFire  + . .     SeeInvis .     y - +3 flail (holy)
rCold  + . .     Gourm    +     m - +1 robe {rC+ rF+}
rNeg   . . .     Faith    .     b - +0 shield
rPois  +         Spirit   .     (helmet restricted)
rElec  .         Reflect  +     (no cloak)
rCorr  .         Harm     .     (gloves unavailable)
MR     .....                    (boots unavailable)
Stlth  +.........               r - +2 amulet of reflection {dicks}
                                a - +1 ring of protection
                                q - ring of poison resistance

@: about to teleport
A: unfitting armour, claws 3, fast metabolism 3, gourmand, regeneration 1,
shaggy fur 1, tough skin 2
a: Renounce Religion


You were on level 7 of the Dungeon.
You worshipped Okawaru.
Okawaru was noncommittal.
You were full.

You visited 1 branch of the dungeon, and saw 7 of its levels.

You collected 269 gold pieces.
You spent 258 gold pieces at shops.

Inventory:

Hand Weapons
 y - a +3 flail of holy wrath (weapon)
Armour
 b - a +0 shield (worn)
 m - a +1 robe of resistance (worn)
 x - a +2 pair of gloves of strength
Jewellery
 a - a +1 ring of protection (right claw)
 e - an uncursed ring of wizardry
 j - an uncursed ring of fire
 q - a ring of poison resistance (left claw)
 r - a +2 amulet of reflection (around neck) {dicks}
 u - an uncursed ring of fire
 v - an uncursed ring of fire
Scrolls
 c - 2 scrolls of random uselessness {unknown}
 h - 3 scrolls of remove curse
 n - 2 scrolls of enchant weapon {unknown}
 s - a scroll of vulnerability {unknown}
 t - 3 scrolls of amnesia {unknown}
 z - a scroll of magic mapping
Potions
 g - 2 potions of haste
 i - a potion of might
 o - a potion of berserk rage
 p - 2 potions of cure mutation
Books
 w - a book of Minor Magic

   Spells                             Type                      Level
   a - Magic Dart                     Conjuration                  1
   b - Blink                          Translocation                2
   c - Call Imp                       Summoning                    2
   d - Repel Missiles                 Charms/Air                   2
   e - Slow                           Hexes                        2
   f - Conjure Flame                  Conjuration/Fire             3
   g - Mephitic Cloud                 Conjuration/Poison/Air       3
Comestibles
 d - 9 bread rations
 f - 4 meat rations
 k - 5 fruits
 l - a beef jerky


   Skills:
 * Level 5.3 Fighting
 * Level 2.9 Maces & Flails
 * Level 3.9 Armour
 * Level 4.8 Dodging
 * Level 4.8 Shields
 - Level 3.6 Unarmed Combat
 + Level 1.7 Conjurations
 + Level 1.3 Air Magic
 + Level 2.1 Poison Magic


You had 5 spell levels left.
You knew the following spells:

 Your Spells              Type           Power        Failure   Level  Hunger
a - Mephitic Cloud        Conj/Pois/Air  #.......     99%         3    ####...


Dungeon Overview and Level Annotations

Branches:
Dungeon (7/15)             Temple (0/1) D:6

Altars:
Ashenzari
Cheibriados
Dithmenos
Gozag
Hepliaklqana
Okawaru
Ru
Trog
Vehumet
The Shining One

Shops:
D:4 (   D:5 *


Innate Abilities, Weirdness & Mutations

You are too large for most types of armour.
You have claws for hands.
Your metabolism is lightning-fast.
You like to eat raw meat.
Your natural rate of healing is unusually fast.
You are covered in fur. (AC +1)
You have very tough skin. (AC +2)


Message History

You are too injured to fight recklessly!
You are too injured to fight recklessly!
You are too injured to fight recklessly!
As you read the scroll of teleportation, it crumbles to dust.
You feel strangely unstable.
You feel better.
The sixfirhy hits you but does no damage.
The sixfirhy completely misses you. The sixfirhy hits you.
The sixfirhy shocks you!
* * * LOW HITPOINT WARNING * * *
The sixfirhy hits you.
* * * LOW HITPOINT WARNING * * *
The sixfirhy shocks you!
* * * LOW HITPOINT WARNING * * *
You block the sixfirhy's attack.
Found a scroll of identify.
You feel better. The sixfirhy hits you.
* * * LOW HITPOINT WARNING * * *
The sixfirhy shocks you!
You die...

.?.............
..................
..................
.....................
...............[.....
.....................
.....................
..............@.......
..............3......#
.............#'#....##
#............#$#..###
#...........###.##
##..............#
##...........###
###..######## #...##


You could see a sixfirhy.

Vanquished Creatures
  Pikel (D:5)
  Grinder (D:3)
  Prince Ribbit (D:5)
  Sigmund (D:3)
  Edmund (D:5)
  Menkaure (D:4)
  An ice beast (D:5)
  An ogre (D:6)
  A centaur (D:5)
  A gnoll sergeant (D:5)
  A wyvern skeleton (D:7)
  4 wights (D:6)
  3 crimson imps
  A hound (D:4)
  3 jellies
  An orc priest (D:5)
  Jessica (D:3)
  3 worker ants
  2 hound zombies
  A hound skeleton (D:7)
  A worker ant zombie (D:5)
  10 gnolls
  5 adders
  A shadow imp (D:6)
  8 worms
  3 adder skeletons (D:4)
  3 dart slugs
  2 leopard geckos
  13 orcs
  4 bats
  5 giant cockroaches
  A goblin (D:1)
  7 hobgoblins
  8 jackals
  5 kobolds
  A quokka (D:7)
  3 frilled lizards
  A jackal skeleton (D:5)
  A leopard gecko skeleton (D:5)
  5 rats
117 creatures vanquished.

Notes
Turn   | Place    | Note
-------+----------+-------------------------------------------
     0 | D:1      | Retsved the Troll Fighter began the quest for the Orb.
     0 | D:1      | Reached XP level 1. HP: 22/22 MP: 0/0
   161 | D:1      | Reached XP level 2. HP: 27/29 MP: 1/1
   497 | D:2      | Reached skill level 1 in Armour
   602 | D:2      | Reached XP level 3. HP: 36/36 MP: 2/2
   893 | D:2      | Reached skill level 3 in Fighting
  1154 | D:3      | Noticed Sigmund
  1254 | D:3      | Killed Sigmund
  1254 | D:3      | Reached XP level 4. HP: 45/45 MP: 3/3
  1254 | D:3      | Reached XP level 5. HP: 53/53 MP: 4/4
  1283 | D:3      | Noticed Jessica
  1289 | D:3      | Killed Jessica
  1336 | D:3      | Noticed Grinder
  1353 | D:3      | Paralysed by Grinder for 3 turns
  1360 | D:3      | Killed Grinder
  1360 | D:3      | Reached skill level 4 in Fighting
  1360 | D:3      | Reached XP level 6. HP: 48/62 MP: 5/5
  1694 | D:3      | Found a faded altar of an unknown god.
  1936 | D:4      | Found Laurphir's Antique Weapon Shoppe.
  2078 | D:4      | Learned a level 3 spell: Mephitic Cloud
  2345 | D:4      | Found a shattered altar of Ashenzari.
  2405 | D:4      | Reached XP level 7. HP: 22/70 MP: 6/6
  2715 | D:4      | Found an opulent altar of Gozag.
  2715 | D:4      | Found a bloodstained altar of Trog.
  2716 | D:4      | Found a sacrificial altar of Ru.
  2721 | D:4      | Found a radiant altar of Vehumet.
  2721 | D:4      | Found a shadowy altar of Dithmenos.
  2722 | D:4      | Found a glowing golden altar of the Shining One.
  2897 | D:4      | Noticed Menkaure
  2906 | D:4      | Killed Menkaure
  3224 | D:5      | Entered Level 5 of the Dungeon
  3224 | D:5      | Noticed Edmund
  3268 | D:5      | Killed Edmund
  3363 | D:5      | Reached skill level 1 in Poison Magic
  3368 | D:5      | Reached XP level 8. HP: 24/79 MP: 7/7
  3483 | D:5      | Found a snail-covered altar of Cheibriados.
  3630 | D:5      | Reached skill level 1 in Maces & Flails
  3630 | D:5      | Reached skill level 1 in Conjurations
  3638 | D:5      | Noticed Prince Ribbit
  3677 | D:5      | Killed Prince Ribbit
  3677 | D:5      | Reached skill level 1 in Air Magic
  4077 | D:5      | Noticed Pikel
  4341 | D:5      | Killed Pikel
  4341 | D:5      | Reached skill level 5 in Fighting
  4403 | D:5      | Found a faded altar of an unknown god.
  4403 | D:5      | Found a faded altar of an unknown god.
  4413 | D:5      | Found an iron altar of Okawaru.
  4416 | D:5      | Found a faded altar of an unknown god.
  4418 | D:5      | Found a faded altar of an unknown god.
  4426 | D:5      | Reached XP level 9. HP: 88/88 MP: 8/8
  4429 | D:5      | Became a worshipper of Warmaster Okawaru
  4696 | D:5      | Found Ginippew's General Store.
  4834 | D:6      | Found a staircase to the Ecumenical Temple.
  5186 | D:5      | Bought a +2 pair of gloves of strength for 258 gold pieces
  5527 | D:7      | Found a hazy altar of Hepliaklqana.
  5581 | D:7      | Found a runed door.
  5581 | D:7      | Noticed a sixfirhy
  5608 | D:7      | HP: 2/88 [sixfirhy (9)]
  5609 | D:7      | Mangled by a sixfirhy

Skill      XL: |  1  2  3  4  5  6  7  8  9 |
---------------+----------------------------+-----
Armour         | 1 2 3 |  3.9
Fighting       | 3 4 5 |  5.3
Dodging        | 3 4 |  4.8
Shields        | 3 4 |  4.8
Unarmed Combat | 3 |  3.6
Poison Magic   | 1 2 |  2.1
Maces & Flails | 2 |  2.9
Conjurations   | 1 |  1.7
Air Magic      | 1 |  1.3

Action                   |  1- 3 |  4- 6 |  7- 9 || total
-------------------------+-------+-------+-------++-------
Melee: Unarmed           |   103 |    88 |    70 ||   261
       Flail             |       |       |   191 ||   191
  Use: Potion            |     2 |     1 |     7 ||    10
       Scroll            |     4 |       |     7 ||    11
 Stab: Sleeping          |       |     1 |       ||     1
  Eat: Chunk             |    16 |    11 |    28 ||    55
Armor: Robe              |    29 |    11 |    66 ||   106
       Skin              |     3 |     1 |       ||     4
Dodge: Dodged            |    24 |    28 |    87 ||   139
Block: Shield            |    52 |    39 |   179 ||   270
       Reflection        |     2 |       |       ||     2
